 Dungeon Sprint DCSS version 0.21-a0-272-g984ae92 (webtiles) character file.

5218 terra52 the Warrior (level 10, -2/72 HPs)
             Began as a Vine Stalker Gladiator on Sept 15, 2017.
             Was an Initiate of Wu Jian.
             Slain by a sun demon (10 damage)
             ... summoned by a kobold demonologist
             ... in the Dungeon (Sprint I: "Red Sonja").
             The game lasted 00:07:17 (750 turns).

terra52 the Warrior (Vine Stalker Gladiator)         Turns: 750, Time: 00:07:19

Health: -2/72      AC:  3    Str: 19    XL:     10   Next: 61%
Magic:  0/27       EV: 13    Int:  8    God:    Wu Jian [......]
Gold:   302        SH:  5    Dex: 17    Spells: 33/33 levels left

rFire    . . .     SeeInvis .   a - +0 rapier
rCold    . . .     Gourm    .   (no shield)
rNeg     . . .     Faith    .   m - +0 robe {MR+}
rPois    .         Spirit   +   c - +0 helmet
rElec    .         Reflect  +   (no cloak)
rCorr    .         Harm     .   (no gloves)
MR       ++...     NoTele   +   (no boots)
Stlth    ++........             l - +5 amulet of reflection
HPRegen  0.62/turn              (no ring)
MPRegen  0.20/turn              (no ring)

@: no status effects
A: fangs 3, regeneration 1, magic shield, antimagic bite, no potion heal 3, rot
immunity
a: Renounce Religion


You were in the Dungeon.
You worshipped Wu Jian.
Wu Jian was noncommittal.
You were not hungry.

You visited 1 branch You collected 769 gold pieces.
You spent 453 gold pieces at shops.
You donated 14 gold pieces to Zin.

Inventory:

Hand Weapons
 a - a +0 rapier (weapon)
 n - a +0 blowgun
 p - a +0 short sword of distortion
Missiles
 o - 9 curare-tipped needles
 v - 6 javelins (quivered)
Armour
 b - a +0 leather armour
 c - a +0 helmet (worn)
 m - a +0 robe of magic resistance (worn)
Jewellery
 l - a +5 amulet of reflection (around neck)
Wands
 d - a wand of random effects (26/48)
 j - a wand of digging (13/24)
Scrolls
 k - a scroll of blinking
 q - a scroll of enchant armour {unknown}
 r - 2 scrolls of remove curse {unknown}
 s - a scroll of immolation {unknown}
 u - a scroll of identify {unknown}
Potions
 e - 4 potions of curing
 g - a potion of heal wounds
 h - a potion of haste
 i - 2 potions of magic
Comestibles
 f - a bread ration
 t - 2 chunks of flesh


   Skills:
 * Level 18.4 Fighting
 - Level 2.6 Short Blades
 - Level 1.7 Throwing
 - Level 2.4 Dodging
 - Level 12.0 Spellcasting


You had 33 spell levels left.
You didn't know any spells.

Dungeon Overview and Level Annotations

Branches:
Dungeon (1/1)

Altars:
Cheibriados
Dithmenos
Elyvilon
Fedhas
Gozag
Hepliaklqana
Kikubaaqudgha
Makhleb
Nemelex Xobeh
Okawaru
Qazlal
Ru
Sif Muna
Trog
Uskayaw
Vehumet
Wu Jian
Xom
Yredelemnul
Zin
The Shining One
Jiyva
Lugonu

Shops:
D %:(%[*[


Innate Abilities, Weirdness & Mutations

You have razor-sharp teeth.
Your natural rate of healing is unusually fast.
When hurt, damage is shared between your health and your magic reserves.
Your bite disrupts and absorbs the magic of your enemies.
Potions cannot restore your health.
You are immune to rotting.


Message History

The kobold demonologist is moderately wounded.
The kobold demonologist hits you with a dagger.
The quasit closely misses you. The quasit claws you.
The quasit closely misses you. The soul eater misses you.
Unknown command.
You hit the kobold demonologist.
Your bite misses the kobold demonologist.
The kobold demonologist is heavily wounded.
You are no longer corroded.
The kobold demonologist hits you with a dagger.
The kobold demonologist gestures wildly while chanting.
You block the soul eater's attack.
You hit the kobold demonologist.
Your bite misses the kobold demonologist.
The kobold demonologist is heavily wounded.
The kobold demonologist completely misses you.
You block the soul eater's attack. The sun demon hits you!!
* * * LOW HITPOINT WARNING * * *
You are engulfed in flames!
You die...

##########################
#<.#..)..#.)'..#__#.K'K..#
#..[..#..'..#..'..455#...#
#..#####+#####'#__#### ..+
#..#### #...#.#### ##
#..#__####..##[#
#..#_____##@#_4+
#⌠⌠#_.∩...33KK4#
####_..__##55#'##+###
#_____###3#[#...(###
############.####'###(##
#∩........'...'.....'.∩#
###''''####...##########
#.......####.###
#........#.#'#.#


You could see a soul eater, a sun demon, a rust devil, 2 kobold demonologists, a
neqoxec, a quasit and an ufetubus.

Vanquished Creatures
  Sonja (D)
  A deep troll (D)
  8 shining eyes (D)
  A slime creature (D)
  Sigmund (D)
  A yak (D)
  4 floating eyes (D)
  An ogre (D)
  A jelly (D)
  Ijyb (D)
  A ballistomycete (D)
  A ballistomycete spore (D)
22 creatures vanquished.

Vanquished Creatures (others)
  2 hornets (D)
  A ballistomycete spore (D)
3 creatures vanquished.

Grand Total: 25 creatures vanquished

Notes
Turn   | Place    | Note
-------+----------+-------------------------------------------
     0 | D        | terra52 the Vine Stalker Gladiator began the quest for the Orb.
     0 | D        | Reached XP level 1. HP: 11/11 MP: 2/2
     1 | D        | Noticed Ijyb
    14 | D        | Killed Ijyb
    14 | D        | Reached skill level 5 in Fighting
    14 | D        | Reached XP level 2. HP: 18/18 MP: 3/3
    14 | D        | Reached XP level 3. HP: 23/23 MP: 4/4
    20 | D        | Noticed an ogre
    26 | D        | Killed an ogre
    26 | D        | Reached skill level 8 in Fighting
    26 | D        | Gained mutation: Your natural rate of healing is unusually fast. [Vine Stalker growth]
    26 | D        | Reached XP level 4. HP: 31/31 MP: 5/5
    31 | D        | Noticed Sigmund
    41 | D        | Killed Sigmund
    41 | D        | Reached skill level 11 in Fighting
    41 | D        | Reached XP level 5. HP: 18/39 MP: 4/6
    41 | D        | Reached XP level 6. HP: 20/43 MP: 4/7
    89 | D        | Found an ornate altar of the Wu Jian Council.
    89 | D        | Found a deep blue altar of Sif Muna.
    91 | D        | Found a radiant altar of Vehumet.
    95 | D        | Reached skill level 1 in Spellcasting
    98 | D        | Found Usuvirug's Food Emporium.
    98 | D        | Found an ancient bone altar of Kikubaaqudgha.
    98 | D        | Found a hazy altar of Hepliaklqana.
    98 | D        | Found a stormy altar of Qazlal.
    98 | D        | Found a hide-covered altar of Uskayaw.
    98 | D        | Found a blossoming altar of Fedhas.
    98 | D        | Found a bloodstained altar of Trog.
    98 | D        | Found an iron altar of Okawaru.
    98 | D        | Found a basalt altar of Yredelemnul.
    98 | D        | Found a glowing golden altar of the Shining One.
    98 | D        | Found a snail-covered altar of Cheibriados.
    98 | D        | Found a sacrificial altar of Ru.
    98 | D        | Found a glowing silver altar of Zin.
    98 | D        | Found a shadowy altar of Dithmenos.
    98 | D        | Found a white marble altar of Elyvilon.
    98 | D        | Noticed a yak
   109 | D        | Killed a yak
   109 | D        | Reached skill level 12 in Fighting
   109 | D        | Reached XP level 7. HP: 25/49 MP: 3/14
   110 | D        | Found an opulent altar of Gozag.
   113 | D        | Found a sparkling altar of Nemelex Xobeh.
   121 | D        | Became a worshipper of Zin the Law-Giver
   121 | D        | Reached * piety under Zin
   121 | D        | Reached ** piety under Zin
   121 | D        | Reached *** piety under Zin
   131 | D        | Reached **** piety under Zin
   131 | D        | Reached ***** piety under Zin
   133 | D        | Reached ****** piety under Zin
   149 | D        | Found a burning altar of Makhleb.
   149 | D        | Found a viscous altar of Jiyva.
   149 | D        | Found a shimmering altar of Xom.
   149 | D        | Found a corrupted altar of Lugonu.
   149 | D        | Noticed a slime creature
   163 | D        | Killed a slime creature
   163 | D        | Reached skill level 13 in Fighting
   163 | D        | Reached skill level 5 in Spellcasting
   200 | D        | Noticed Sonja
   220 | D        | Killed Sonja
   220 | D        | Reached skill level 14 in Fighting
   220 | D        | Gained mutation: You have razor-sharp teeth. [Vine Stalker growth]
   220 | D        | Reached XP level 8. HP: 11/57 MP: 4/20
   251 | D        | Found Etud's Food Boutique.
   253 | D        | Noticed a shining eye
   253 | D        | Noticed a shining eye
   253 | D        | Noticed a shining eye
   255 | D        | Paralysed by a floating eye for 4 turns
   269 | D        | Paralysed by a floating eye for 3 turns
   273 | D        | Killed a shining eye
   273 | D        | Reached skill level 15 in Fighting
   273 | D        | Reached XP level 9. HP: 48/62 MP: 21/23
   280 | D        | Noticed a shining eye
   284 | D        | Noticed a shining eye
   289 | D        | Killed a shining eye
   289 | D        | Reached skill level 16 in Fighting
   298 | D        | Killed a shining eye
   298 | D        | Reached skill level 10 in Spellcasting
   305 | D        | Killed a shining eye
   306 | D        | Noticed a shining eye
   308 | D        | Noticed a shining eye
   308 | D        | Noticed a shining eye
   310 | D        | Paralysed by a floating eye for 4 turns
   317 | D        | Paralysed by a floating eye for 2 turns
   329 | D        | Killed a shining eye
   329 | D        | Reached skill level 17 in Fighting
   329 | D        | Reached XP level 10. HP: 70/70 MP: 24/26
   338 | D        | Killed a shining eye
   347 | D        | Killed a shining eye
   354 | D        | Killed a shining eye
   354 | D        | Reached skill level 18 in Fighting
   364 | D        | Found Unib's Armour Shop.
   364 | D        | Found Fawuot's Book Shoppe.
   364 | D        | Found Poxzad's General Store.
   364 | D        | Found Fosyv's Antique Weapon Emporium.
   415 | D        | Fell from the grace of Zin
   415 | D        | Became a worshipper of the Wu Jian Council
   487 | D        | Bought a +5 amulet of reflection for 453 gold pieces
   591 | D        | Noticed a deep troll
   617 | D        | Killed a deep troll
   651 | D        | Found Ronugoem's Armour Emporium.
   712 | D        | Noticed a kobold demonologist
   713 | D        | Noticed a kobold demonologist
   718 | D        | Noticed a rust devil
   741 | D        | Noticed an orange demon
   742 | D        | Noticed a sun demon
   743 | D        | Noticed a rust devil
   743 | D        | Noticed a soul eater
   750 | D        | Slain by a sun demon

Vault maps used:
D:        dungeon_sprint_1

Skill      XL: |  1  2  3  4  5  6  7  8  9 10 |
---------------+-------------------------------+-----
Fighting       | 5 8 11 12 14 15 17 18 | 18.4
Spellcasting   | 4 7 9 11 12 | 12.0
Short Blades   | |  2.6
Throwing       | |  1.7
Dodging        | |  2.4

Action                   |  1- 3 |  4- 6 |  7- 9 | 10-12 || total
-------------------------+-------+-------+-------+-------++-------
Melee: Rapier            |    13 |    18 |    66 |    46 ||   143
       Bite              |     9 |     7 |    35 |    24 ||    75
 Fire: Blowgun           |       |       |       |     5 ||     5
Throw: Throwing net      |     4 |     2 |       |       ||     6
Invok: Vitalisation      |       |       |     2 |       ||     2
       Recite            |       |       |     1 |       ||     1
  Use: Potion            |       |       |     1 |       ||     1
 Stab: Held in net/web   |     5 |     2 |       |       ||     7
       Sleeping          |       |     1 |     1 |     1 ||     3
       Confused          |       |       |     1 |       ||     1
       Distracted        |       |       |     1 |       ||     1
Armor: Leather armour    |     1 |     1 |       |       ||     2
       Robe              |       |       |     1 |     1 ||     2
Dodge: Dodged            |     2 |     3 |    11 |    19 ||    35
Block: Other             |       |       |       |     8 ||     8

Table legend:
 A = Spawn XP
 B = Non-spawn XP
 C = Spawn XP percentage of total XP
 D = Spawn monster count
 E = Non-spawn monster count
 F = Spawn count percentage of total count
 G = Total turns spent on level
                    A         B        C        D         E        F      G
               +---------+---------+-------+---------+---------+-------+---------
         Total |       0 |    7455 |   0.0 |       0 |      20 |   0.0 |   750
               +---------+---------+-------+---------+---------+-------+---------
             D |       0 |    7455 |   0.0 |       0 |      20 |   0.0 |   750
               +---------+---------+-------+---------+---------+-------+---------
